cohdb
Replays
Latest Replays
All Replays
Popular Replays
Top Player Replays
Match Explorer
How It Works
Community
CoH3 Stats
Reddit
Sign in to upload your games and track your stats! →
Sign in with Steam
Match 46575558
Unlisted
Match 46575558
Overview
Messages
Build Orders
End
Panzergrenadier Squad
Selects Armored Support Battlegroup
Panzergrenadier Squad
250 Light Carrier
Construct Light Support Kompanie
Combat Half-tracks
Selects Superior Fire Drills
Construct Mechanized Kompanie
Panzerjäger Mechanized Group
Selects Salvage Kits
8 Rad Armored Car
Vehicle Survival Package
Panzerjäger Squad
Veteran Squad Leaders
Panzergrenadier Squad
Panzerjäger Mechanized Group
Construct Panzerarmee Kommand
Emergency Repair Kits
ProxyFox
Personal Iroha Cushion
Oziligath
aSIIDemolitionHammer
0
0
Comments
sign in to comment!
No comments posted yet!